Map: 프리온 단구

Players

TYTY (TY) - Winner!

  • Race: Terran Terran
  • League: Diamond

Bomber

  • Race: Terran Terran
  • League: Diamond

Event: DreamHack ROCCAT LotV Championship

VOD

https://youtu.be/YCAwFz6Sgek

Description

Time

  • Played on: Nov. 27, 2015, 5:49 a.m.
  • Length: 11:34

All games in this series

Show
View Real Time Build Order
Export as new Build Order

TYTY Terran - Winner!

Build Orders: Reaper Expand 

Get SALT Encoding   

  12  0:00  SCV  
  13  0:13  SCV  
  14  0:19  Supply Depot  
  14  0:25  SCV  
  15  0:40  SCV  
  15  0:41  Barracks  
  16  0:45  Refinery  
  16  0:52  SCV  
  17  1:04  SCV  
  18  1:17  SCV  
  19  1:29  Reaper  
  19  1:30  Orbital Command  
  20  1:46  Command Center  
  20  1:56  SCV  
  20  1:57  Supply Depot  
  21  2:01  Barracks Reactor  
  21  2:08  SCV  
  22  2:20  SCV  
  23  2:23  Factory  
  23  2:32  SCV  
  23  2:34  Refinery  
  24  2:37  Marine x2  
  26  2:44  SCV  
  27  2:55  Marine x2  
  27  2:56  SCV  
  27  2:58  Orbital Command  
  30  3:04  Supply Depot  
  30  3:06  Starport  
  30  3:07  Factory Tech Lab  
  30  3:08  SCV  
  31  3:12  Marine x2  
  33  3:30  SCV, Marine x2  
  36  3:37  Cyclone  
  36  3:39  SCV  
  40  3:43  Engineering Bay  
  40  3:47  SCV  
  40  3:51  SCV  
  40  3:52  Viking  
  42  3:56  Marine  
  42  3:59  SCV  
  44  4:03  SCV  
  44  4:04  Marine  
  45  4:11  SCV  
  45  4:16  Missile Turret  
  46  4:20  Missile Turret  
  46  4:21  Orbital Command  
  46  4:22  Marine  
  46  4:23  SCV  
  48  4:30  Raven  
  49  4:34  Missile Turret  
  49  4:35  SCV  
  49  4:43  Barracks Reactor  
  49  4:47  SCV x2  
  51  4:54  Factory Tech Lab  
  51  4:55  Missile Turret  
  51  4:59  SCV x2  
  53  5:07  Supply Depot x2  
  53  5:11  SCV  
  54  5:21  Supply Depot  
  54  5:24  Marine x2  
  54  5:28  Banshee, Siege Tank  
  54  5:34  SCV x2  
  59  5:42  Marine x2  
  60  5:46  SCV  
  62  5:50  Barracks  
  62  5:51  Barracks  
  62  5:52  Barracks, Missile Turret  
  62  5:55  Barracks  
  61  6:01  Siege Tank  
  61  6:02  SCV  
  61  6:03  Marine x2  
  68  6:07  Supply Depot  
  64  6:18  SCV x2  
  58  6:30  SCV x2  
  60  6:32  Marine  
  60  6:33  Marine  
  60  6:35  Siege Tank  
  60  6:39  Refinery  
  65  6:40  Refinery  
  65  6:44  Barracks Reactor x2  
  65  6:45  Barracks Tech Lab  
  65  6:46  SCV  
  65  6:47  SCV  
  64  6:50  Marine x2  
  64  6:51  Marine  
  67  6:59  SCV x2  
  69  7:06  Marine  
  70  7:08  Stimpack, Marine x3  
  72  7:19  Supply Depot x2  
  72  7:21  Command Center  
  72  7:22  SCV x2  
  72  7:24  Marine x2  
  72  7:26  Starport Reactor  
  72  7:29  Terran Infantry Weapons Level 1  
  71  7:32  Marine  
  71  7:33  Marine x4  
  71  7:35  SCV  
  78  7:37  SCV  
  77  7:47  SCV  
  77  7:49  SCV  
  77  7:50  Marine  
  77  7:51  Marine  
  79  8:00  SCV  
  79  8:01  SCV  
  79  8:05  Medivac x2  
  85  8:12  SCV  
  85  8:13  SCV  
  85  8:14  Marine x2  
  85  8:16  Siege Tank  
  91  8:24  SCV  
  91  8:25  SCV, Supply Depot  
  91  8:26  Supply Depot, Marine  
  94  8:27  Combat Shields  
  94  8:32  Marine x3  
  94  8:33  Orbital Command  
  97  8:38  Medivac  
  97  8:40  Medivac  
  101  8:41  Marine  
  101  8:42  Marine  
  101  8:43  Marine  
  101  8:44  Marine  
  101  8:45  Marine  
  106  8:50  Supply Depot  
  106  8:52  Siege Tank  
  109  8:56  Marine  
  109  8:57  Marine x2  
  109  8:59  Marine  
  109  9:00  Marine x2  
  109  9:01  Marine  
  116  9:02  Marine  
  116  9:08  Medivac  
  119  9:14  Sensor Tower, Marine x2  
  121  9:23  Terran Infantry Armor Level 1  
  121  9:24  Siege Tank, Missile Turret x2  
  121  9:29  Marine x3  
  121  9:30  Marine x3  
  130  9:32  Marine x2  
  130  9:36  Supply Depot  
  130  9:37  Supply Depot  
  131  9:40  Medivac  
  132  9:47  Marine  
  132  9:49  Supply Depot  
  132  9:50  Supply Depot  
  133  9:58  Medivac, Marine x5  
  140  10:03  Siege Tank  
  143  10:09  Supply Depot x2  
  143  10:16  Marine  
  143  10:17  Marine x7  
  150  10:21  Viking  
  150  10:28  Viking  
  154  10:34  Marine  
  154  10:35  Marine x3  
  157  10:38  Siege Tank, Marine  
  159  10:43  Marine x2  
  159  10:47  Supply Depot x2  
  161  10:51  Viking  
  163  10:58  Viking  
  163  10:59  Missile Turret  
  163  11:00  Missile Turret  
  164  11:06  Marine  
  164  11:10  Marine  
  163  11:12  Marine  
  163  11:14  Marine x2  
  163  11:15  Marine x2  
Show
View Real Time Build Order
Export as new Build Order

Bomber Terran 

Build Orders: 1/1/1, Bio Tank, Banshee Rush 

Get SALT Encoding   

  12  0:00  SCV  
  13  0:12  SCV  
  14  0:17  Supply Depot  
  14  0:24  SCV  
  15  0:29  Refinery  
  15  0:38  SCV  
  16  0:47  Barracks  
  16  0:51  SCV  
  16  0:55  Refinery  
  17  1:03  SCV  
  18  1:15  SCV  
  20  1:35  Reaper, Orbital Command  
  20  1:37  Factory  
  20  1:43  Supply Depot  
  20  2:00  SCV  
  21  2:08  Reaper  
  22  2:13  SCV  
  23  2:21  Hellion  
  25  2:24  Starport  
  25  2:27  SCV  
  25  2:28  Supply Depot  
  26  2:39  SCV  
  26  2:40  Reaper  
  26  2:44  Factory Tech Lab  
  28  2:51  SCV  
  29  2:54  Supply Depot  
  29  3:03  SCV  
  30  3:07  Cloaking Field  
  30  3:09  Banshee  
  33  3:15  SCV  
  36  3:20  Supply Depot, Hellion  
  34  3:27  SCV  
  34  3:28  Barracks Reactor  
  34  3:39  SCV  
  34  3:42  Factory Tech Lab  
  34  3:51  SCV  
  34  3:52  Banshee  
  38  4:03  Siege Tank  
  38  4:06  Marine x2  
  42  4:23  SCV  
  43  4:25  Marine x2  
  43  4:29  Command Center  
  45  4:35  Banshee  
  45  4:37  Siege Tank  
  51  4:42  SCV  
  51  4:44  Supply Depot  
  51  4:45  Marine  
  53  4:46  Marine  
  54  4:56  Barracks  
  54  4:58  SCV  
  55  5:07  Marine x2  
  55  5:10  SCV  
  55  5:11  Siege Tank  
  61  5:23  SCV  
  61  5:27  Marine  
  63  5:33  Marine  
  63  5:41  Banshee  
  63  5:42  Orbital Command  
  66  5:44  Barracks Tech Lab  
  66  5:45  Marine  
  66  5:46  SCV  
  68  5:58  SCV  
  68  6:04  Marine x3  
  68  6:05  Stimpack, Siege Tank  
  68  6:10  SCV  
  73  6:13  SCV  
  63  6:24  SCV, Viking  
  60  6:29  SCV  
  60  6:30  Marine x3  
  61  6:36  SCV  
  61  6:39  Refinery  
  62  6:41  SCV  
  62  6:43  Barracks  
  62  6:44  Engineering Bay  
  63  6:48  SCV, Refinery  
  63  6:51  Marine x2  
  63  6:53  SCV, Marine  
  68  7:01  SCV, Siege Tank  
  72  7:05  SCV, Starport Reactor  
  70  7:09  Marine  
  70  7:13  SCV  
  71  7:17  SCV  
  71  7:19  Marine x2  
  74  7:25  SCV  
  74  7:27  Supply Depot  
  74  7:28  Marine  
  74  7:29  SCV  
  77  7:32  Barracks Reactor  
  77  7:36  Supply Depot, Barracks  
  77  7:37  SCV  
  77  7:38  Supply Depot  
  78  7:45  Terran Infantry Weapons Level 1  
  78  7:48  Medivac, Marine  
  78  7:49  Siege Tank  
  84  7:53  Marine x2  
  84  7:58  Medivac  
  88  8:06  Marine  
  88  8:08  Supply Depot  
  88  8:11  Supply Depot  
  88  8:12  Marine  
  90  8:13  Marine  
  90  8:14  Combat Shields, Marine x2  
  90  8:18  Medivac  
  92  8:24  Siege Tank, Marine  
  96  8:31  Marine x2  
  96  8:32  Supply Depot  
  96  8:34  Barracks Reactor, Supply Depot, Marine  
  98  8:38  Medivac, Marine  
  102  8:42  Marine  
  103  8:48  Marine  
  103  8:49  Marine  
  103  8:52  Marine  
  106  8:55  Marine, Medivac  
  106  8:56  Siege Tank  
  106  9:00  Marine  
  113  9:05  Supply Depot  
  113  9:06  Marine  
  113  9:07  Marine  
  113  9:08  Medivac  
  117  9:10  Marine  
  117  9:13  Marine x3  
  121  9:17  Marine  
  122  9:24  Marine  
  122  9:25  Marine  
  122  9:26  Supply Depot  
  122  9:27  Supply Depot, Marine  
  122  9:28  Siege Tank  
  122  9:29  Medivac  
  122  9:31  Marine x2  
  130  9:37  Marine x2  
  134  9:42  Marine  
  134  9:45  Medivac  
  135  9:51  Marine x2  
  137  9:53  Marine x2  
  137  9:55  Marine  
  140  10:05  Marine x2  
  142  10:07  Siege Tank  
  142  10:10  Marine x2  
  142  10:11  Marine x2  
  142  10:12  Marine  
  150  10:23  Marine x2  
  150  10:28  Marine x3  
  149  10:29  Marine  
  149  10:30  Marine  
  153  10:40  Marine  
  155  10:46  Marine x3  
  158  10:51  Marine  
  158  10:55  Siege Tank, Marine  
  159  11:05  Marine x2  
  159  11:06  Marine x2  
  159  11:10  Marine  
  162  11:11  Marine  
  162  11:12  Marine  

Tags
 
Add a new tag
Caveats
  • Supply blocks, unpowered buildings, or Contaminate may cause inaccurate times.
  • Supply counts are checked every 10 seconds.